[Event "Early-Titled-Tuesday-Blitz-September-05-2023"]
[Site "Chess.com"]
[Date "2023.09.05"]
[Round "4"]
[White "BigPiano"]
[Black "TregubovP"]
[Result "0-1"]
[WhiteElo "2414"]
[BlackElo "2633"]
[TimeControl "180+1"]
[EndTime "8:36:30 PDT"]
[Termination "TregubovP won by resignation"]

1. Nf3 d5 2. b3 Nf6 3. Bb2 g6 4. g3 Bg7 5. Bg2 O-O 6. O-O c5 7.
e3 Nc6 8. d4 cxd4 9. exd4 Bf5 10.
a3 Ne4 11. c4 Rc8 12. Nbd2 Nxd2 13. Nxd2 dxc4 14. Nxc4 Nxd4 15. Ne3 Be6 16. Bxb7 Rb8 17.
Bg2 Bxb3 18. Qb1 Bc2 19. Nxc2 Rxb2 20. Qxb2 Ne2+ 21. Kh1 Bxb2 22. Rab1 Bf6 23. Rfe1 Qd2 24. Ne3 Nc3 25. Rbc1 Qxf2 26. Ng4 Qd2 27. Nxf6+ exf6 28. Rf1 f5 29. h3 Ne4 30. Kh2 Qe3 31. Bf3 Nd2 0-1

[Event "Early-Titled-Tuesday-Blitz-September-05-2023"]
[Site "Chess.com"]
[Date "2023.09.05"]
[Round "4"]
[White "UmarovSabir"]
[Black "whitemirrorninja"]
[Result "0-1"]
[WhiteElo "2331"]
[BlackElo "2501"]
[TimeControl "180+1"]
[EndTime "8:36:32 PDT"]
[Termination "whitemirrorninja won on time"]

1. e4 c5 2. Nf3 a6 3. d4 cxd4 4.
Nxd4 e5 5. Nb3 Nf6 6. Nc3 Bb4 7. Bd3 d5 8. exd5 Nxd5 9. Bd2 Bxc3 10. bxc3 Nc6 11. O-O O-O 12. c4 Nf6 13. Bg5 h6 14. Bh4 e4 15. Bxf6 Qxf6 16. Bxe4 Be6 17. c5 Rad8 18.
Qf3 Qg5 19. Rad1 f5 20. Bxc6 bxc6 21. Qxc6 Bc4 22. Rfe1 f4 23. f3 Bd5 24. Rxd5 Qxd5 25.
Qxa6 Rfe8 26. Qf1 Qf5 27. c3 Qc2 28. Rc1 Qxa2 29. Nd4 Qd5 30. c6 Qc5 31. Kh1 Re3 32. Ne2 Qxc6 33. Nxf4 Rxc3 34. Rxc3 Qxc3 35. h3 Qc2 36. Kh2 Qc7 37. Kg3 g5 0-1

[Event "Early-Titled-Tuesday-Blitz-September-05-2023"]
[Site "Chess.com"]
[Date "2023.09.05"]
[Round "4"]
[White "OparinGrigoriy"]
[Black "VitaliyBernadskiy"]
[Result "1-0"]
[WhiteElo "2995"]
[BlackElo "2823"]
[TimeControl "180+1"]
[EndTime "8:36:34 PDT"]
[Termination "OparinGrigoriy won on time"]

1. Nf3 Nf6 2. c4 g6 3. g3 Bg7 4. Bg2 O-O 5. Nc3 d6 6. d4 c6 7. O-O Bf5 8. Ng5 e5 9. d5 h6 10.
dxc6 Nxc6 11. Nge4 Nxe4 12. Nxe4 Qb6 13. Be3 Nd4 14.
Qd2 Rac8 15. Rac1 Qa6 16. b3 d5 17. Bxd4 Bxe4 18. Bxe4 dxe4 19. Be3 Rcd8 20. Qc2 f5 21.
Rfd1 Qc6 22. Rxd8 Rxd8 23. Rd1 Rxd1+ 24. Qxd1 b6 25. Qd8+ Kf7 26. h4 Qf6 27. Qa8 Qe7 28. c5 f4 29. cxb6 fxe3 30. Qxa7 exf2+ 31. Kf1 Bf6 32. b7 1-0

[Event "Early-Titled-Tuesday-Blitz-September-05-2023"]
[Site "Chess.com"]
[Date "2023.09.05"]
[Round "4"]
[White "platy3"]
[Black "Korchmar_Vasiliy"]
[Result "1-0"]
[WhiteElo "2927"]
[BlackElo "2699"]
[TimeControl "180+1"]
[EndTime "8:36:34 PDT"]
[Termination "platy3 won on time"]

1. e4 c5 2. Nf3 d6 3. d4 cxd4 4.
Nxd4 Nf6 5. Nc3 Nc6 6. Bg5 Bd7 7. Nxc6 bxc6 8. Bc4 e6 9. Qe2 Qc7 10. O-O-O Be7 11.
Rhe1 O-O 12. e5 dxe5 13. Qxe5 Qb7 14. Ne4 Ng4 15. Qd4 Bxg5+ 16. Nxg5 Nf6 17. Ne4 Nxe4 18. Qxe4 Rab8 19. b3 Rfd8 20. Qh4 Qb4 21. Re3 1-0

[Event "Early-Titled-Tuesday-Blitz-September-05-2023"]
[Site "Chess.com"]
[Date "2023.09.05"]
[Round "4"]
[White "Cheer_Down"]
[Black "nihalsarin"]
[Result "0-1"]
[WhiteElo "2445"]
[BlackElo "3125"]
[TimeControl "180+1"]
[EndTime "8:36:34 PDT"]
[Termination "nihalsarin won by resignation"]

1. e4 c6 2. d4 d5 3. exd5 cxd5 4. Bd3 Nc6 5. c3 Nf6 6. h3 g6 7. Nf3 Bf5 8. Be2 h5 9. Nbd2 e6 10. O-O Bd6 11. Nb3 Qc7 12. Re1 Ne4 13. Ng5 O-O-O 14.
a4 f6 15. Nxe4 dxe4 16. a5 a6 17. Be3 Kb8 18. Qc1 g5 19. c4 g4 20. c5 Bh2+ 21. Kh1 Ka8 22. h4 g3 23. f3 Qg7 24.
Ra4 Rd5 25. Nd2 Qg6 26. Nc4 Rhd8 27. Nb6+ Ka7 28. Nxd5 Rxd5 29. Qc3 exf3 30. Bxf3 Be4 31. Bg1 Bxf3 32. Qxf3 Bxg1 33. Kxg1 Nxd4 34. Qe4 f5 35.
Qe3 Nc2 36. Qb3 Nxe1 37. Qb6+ Kb8 38. c6 Qf7 39. Rb4 Qe7 40. Qxa6 Qc5+ 0-1

[Event "Early-Titled-Tuesday-Blitz-September-05-2023"]
[Site "Chess.com"]
[Date "2023.09.05"]
[Round "4"]
[White "MathiasWomacka"]
[Black "GianmarcoVaR"]
[Result "1-0"]
[WhiteElo "2495"]
[BlackElo "2635"]
[TimeControl "180+1"]
[EndTime "8:36:35 PDT"]
[Termination "MathiasWomacka won by resignation"]

1. e4 c5 2. Nf3 d6 3. d4 cxd4 4. Nxd4 Nf6 5. Nc3 a6 6. Be2 e5 7. Nb3 Be7 8. O-O O-O 9. Kh1 Nc6 10. f3 Be6 11. Nd5 Bxd5 12. exd5 Nb4 13. c4 a5 14. Be3 Nd7 15. Nd2 Bg5 16. Bg1 f5 17. Nb1 Na6 18. Nc3 Nac5 19. Nb5 Qe7 20. b3 Kh8 21. a3 e4 22. b4 exf3 23. Bxf3 axb4 24. axb4 Rxa1 25.
Qxa1 Ne4 26. Nd4 Qf6 27. Ne6 Qxa1 28. Rxa1 Re8 29. Bxe4 Bf6 30. Re1 fxe4 31. Rxe4 Bc3 32. c5 Nf6 33. Rc4 Nxd5 34. cxd6 Nf6 35. Rxc3 1-0

[Event "Early-Titled-Tuesday-Blitz-September-05-2023"]
[Site "Chess.com"]
[Date "2023.09.05"]
[Round "4"]
[White "HansOnTwitch"]
[Black "TrenerChos"]
[Result "1-0"]
[WhiteElo "3058"]
[BlackElo "2623"]
[TimeControl "180+1"]
[EndTime "8:36:37 PDT"]
[Termination "HansOnTwitch won by resignation"]

1. e4 e5 2. Nf3 Nc6 3. Bb5 Nf6 4.
d3 Be7 5. Bxc6 dxc6 6. Nxe5 Bc5 7. Nf3 O-O 8. Be3 Bxe3 9. fxe3 Qe7 10. O-O Rd8 11.
Nbd2 Qb4 12. Rb1 Be6 13. a3 Qb6 14. Qe2 c5 15. b3 Qa5 16. a4 Qc3 17. Nc4 Re8 18. Qd2 Qxd2 19. Ncxd2 Rad8 20. h3 h6 21. Nh4 b6 22. Rf2 Nd7 23. Rbf1 Ne5 24. Ndf3 Nc6 25. g4 Nb4 26. Nf5 Kh7 27. Kh2 g6 28. Ng3 Kg7 29.
g5 h5 30. Nh4 Nc6 31. Ng2 Ne5 32. Nf4 a6 33. Nge2 Rd7 34. Nc3 Nc6 35. Ncd5 Bxd5 36. Nxd5 Re5 37. h4 Nb4 38. Nf6 Rd8 39. Kg3 b5 40.
axb5 axb5 41. Ra1 Nc6 42. Ra6 Re6 43. Nd5 Rd7 44. Rf6 Nd8 45. Rfxe6 Nxe6 46. Ra8 c6 47.
Nf6 Rd8 48. Rxd8 Nxd8 49. Kf4 Ne6+ 50. Ke5 Kf8 51. Kd6 c4 52. bxc4 bxc4 53. d4 1-0

[Event "Early-Titled-Tuesday-Blitz-September-05-2023"]
[Site "Chess.com"]
[Date "2023.09.05"]
[Round "4"]
[White "ChainedDowntohell"]
[Black "nrvignesh"]
[Result "0-1"]
[WhiteElo "2560"]
[BlackElo "2827"]
[TimeControl "180+1"]
[EndTime "8:36:37 PDT"]
[Termination "nrvignesh won on time"]

1. Nf3 Nf6 2. g3 g6 3. b3 Bg7 4.
Bb2 O-O 5. Bg2 c5 6. c4 Nc6 7. O-O d6 8. d4 Ne4 9. e3 Bg4 10. h3 Bxf3 11. Bxf3 Ng5 12. Bg2 cxd4 13. exd4 Ne6 14.
Bxc6 bxc6 15. Na3 d5 16. c5 Nxc5 17. Rc1 Ne4 18. Rxc6 Qd7 19. Qc2 Qxh3 20. Rc1 Bh6 21. Re1 Rac8 22. Rxc8 Rxc8 23. Qe2 e6 24. Qf1 Qf5 25. Qe2 Bf8 26. Kg2 h5 27. Qd3 Bb4 28. Re2 Bxa3 29. Bxa3 Rc3 30. Qd1 h4 31. Qe1 Qf3+ 32.
Kg1 h3 0-1

[Event "Early-Titled-Tuesday-Blitz-September-05-2023"]
[Site "Chess.com"]
[Date "2023.09.05"]
[Round "4"]
[White "Bugcrusher"]
[Black "TomsKantans"]
[Result "1-0"]
[WhiteElo "2326"]
[BlackElo "2623"]
[TimeControl "180+1"]
[EndTime "8:36:37 PDT"]
[Termination "Bugcrusher won on time"]

1. d4 Nf6 2. c4 g6 3. Nc3 d5 4. cxd5 Nxd5 5. e4 Nxc3 6. bxc3 Bg7 7. Bc4 c5 8. Be3 O-O 9. Ne2 Nc6 10. Rc1 Qc7 11. h4 Rd8 12. h5 e6 13. h6 Bh8 14.
Kf1 b6 15. Bf4 e5 16. Bg3 Qe7 17. Bd5 Bb7 18. dxc5 Qxc5 19. Qb3 Qe7 20. Bh4 Bf6 21. Bxf7+ Qxf7 22. Bxf6 Rd2 23. Rh3 Ba6 24. Re1 Bc4 25.
Qa4 b5 26. Qa6 Qxf6 27. Rf3 Qxf3 28. gxf3 Ne7 29. Qf6 1-0

[Event "Early-Titled-Tuesday-Blitz-September-05-2023"]
[Site "Chess.com"]
[Date "2023.09.05"]
[Round "4"]
[White "WelshTiger"]
[Black "Taran2004"]
[Result "0-1"]
[WhiteElo "2483"]
[BlackElo "2365"]
[TimeControl "180+1"]
[EndTime "8:36:39 PDT"]
[Termination "Taran2004 won by checkmate"]

1. e4 c6 2. d4 d5 3. f3 dxe4 4. fxe4 e5 5. Nf3 exd4 6. Bc4 Be7 7. Ne5 Qa5+ 8. Bd2 Qxe5 9. O-O Nf6 10. Bf4 Qc5 11. Nd2 d3+ 12. Kh1 dxc2 13. Qxc2 O-O 14. e5 Nd5 15. Ne4 Qa5 16. Bg5 h6 17. Bxd5 Bxg5 18. Bxf7+ Rxf7 19. Rxf7 Kxf7 20. Nd6+ Kg8 21.
Qc4+ Qd5 22. Qxd5+ cxd5 23. Nxc8 Nc6 24. Nd6 Nxe5 25. Nxb7 Rb8 26. Nc5 Rxb2 27. g3 Nf3 28. h4 Rh2# 0-1

[Event "Early-Titled-Tuesday-Blitz-September-05-2023"]
[Site "Chess.com"]
[Date "2023.09.05"]
[Round "4"]
[White "olderson"]
[Black "MusicCityMaster"]
[Result "0-1"]
[WhiteElo "2472"]
[BlackElo "2355"]
[TimeControl "180+1"]
[EndTime "8:36:39 PDT"]
[Termination "MusicCityMaster won on time"]

1. e4 c5 2. Be2 d6 3. f4 Nc6 4.
Nf3 g6 5. O-O Bg7 6. c3 Nf6 7.
d3 O-O 8. Kh1 d5 9. e5 Ng4 10.
d4 b6 11. h3 Nh6 12. g4 f6 13. Be3 fxe5 14. fxe5 e6 15. Na3 a6 16. Qd2 Nf7 17.
h4 Bb7 18. Kh2 Nfxe5 19. dxe5 Nxe5 20. Bg5 Qd6 21. Kh3 d4 22. Nxe5 Qxe5 23. Nc4 Qd5 24. Rg1 Rf2 25. Nxb6 Qd6 26. Rg3 Qxb6 0-1

[Event "Early-Titled-Tuesday-Blitz-September-05-2023"]
[Site "Chess.com"]
[Date "2023.09.05"]
[Round "4"]
[White "GMWSO"]
[Black "Mikedannnn"]
[Result "1-0"]
[WhiteElo "3063"]
[BlackElo "2618"]
[TimeControl "180+1"]
[EndTime "8:36:42 PDT"]
[Termination "GMWSO won by resignation"]

1. e3 e5 2. b3 g6 3. Bb2 Bg7 4. d4 exd4 5. Nf3 Nf6 6. Bxd4 O-O 7. c4 Nc6 8. Bb2 d5 9. Nbd2 Re8 10. Be2 dxc4 11.
Bxc4 Be6 12. Bxe6 Rxe6 13. O-O Qd3 14. Nc4 Rd8 15. Nd4 Qxd1 16. Raxd1 Nxd4 17. Bxd4 Ree8 18. Na5 c5 19. Bxf6 Bxf6 20. Nxb7 Rxd1 21. Rxd1 Rc8 22. Na5 Bc3 23. Nc4 h5 24. Kf1 Rc6 25. Ke2 h4 26.
Rd8+ Kg7 27. Rd6 Rc7 28. f4 Bf6 29. Kf3 Be7 30. Rd5 Rc6 31. Rd7 Bf6 32. Rxa7 1-0

[Event "Early-Titled-Tuesday-Blitz-September-05-2023"]
[Site "Chess.com"]
[Date "2023.09.05"]
[Round "4"]
[White "borocotoajua"]
[Black "IPAchess"]
[Result "1-0"]
[WhiteElo "2597"]
[BlackElo "2414"]
[TimeControl "180+1"]
[EndTime "8:36:42 PDT"]
[Termination "borocotoajua won by resignation"]

1. d4 d5 2. Nf3 Nf6 3. c4 e6 4. g3 Bb4+ 5. Bd2 Be7 6. Qc2 O-O 7.
Nc3 Nbd7 8. Bg2 c6 9. O-O dxc4 10. a4 a5 11. Rfd1 Nb6 12. e4 Bd7 13. Bf4 Qc8 14. Ne5 Be8 15. Qe2 Nfd7 16. Nxc4 Nxc4 17.
Qxc4 Nb6 18. Qe2 Bb4 19. Rac1 Qd8 20. b3 Bd6 21. Be3 Nd7 22. h4 h6 23. e5 Ba3 24.
Rc2 Nb6 25. Ne4 Nd5 26. Bc1 Be7 27. Qg4 Kh8 28. Bb2 Rc8 29. Nc5 Bxc5 30. dxc5 b6 31. Bd4 bxc5 32. Bxc5 Rg8 33. Bd6 Qb6 34. Bxd5 exd5 35.
Qxc8 Qxb3 36. Rdc1 c5 37. Qxc5 Bxa4 38. Rc3 Qa2 39. Qd4 Qe2 40. Qxa4 1-0

[Event "Early-Titled-Tuesday-Blitz-September-05-2023"]
[Site "Chess.com"]
[Date "2023.09.05"]
[Round "4"]
[White "S-Fazulyanov"]
[Black "CraiggoryC"]
[Result "1-0"]
[WhiteElo "2463"]
[BlackElo "2198"]
[TimeControl "180+1"]
[EndTime "8:36:46 PDT"]
[Termination "S-Fazulyanov won on time"]

1. e4 e6 2. d4 d5 3. Bd3 dxe4 4.
Bxe4 Nf6 5. Bf3 c5 6. Ne2 Nc6 7. Be3 cxd4 8. Nxd4 Ne5 9. Be2 Bd7 10. O-O Be7 11. c4 O-O 12. Nc3 Rc8 13. Qb3 a6 14.
Qxb7 Nxc4 15. Bxc4 Rxc4 16. Qxa6 Rb4 17. Rab1 Bc8 18. Qa7 Rb7 19. Qa8 Ng4 20. Nc6 Qc7 21. Nxe7+ Qxe7 22. Bf4 e5 23. Nd5 Qc5 24. Rbc1 Qxd5 25.
Rxc8 1-0

[Event "Early-Titled-Tuesday-Blitz-September-05-2023"]
[Site "Chess.com"]
[Date "2023.09.05"]
[Round "4"]
[White "angryspacevoid"]
[Black "Anton_Demchenko"]
[Result "0-1"]
[WhiteElo "2601"]
[BlackElo "2923"]
[TimeControl "180+1"]
[EndTime "8:36:47 PDT"]
[Termination "Anton_Demchenko won by resignation"]

1. e4 e5 2. Nf3 Nc6 3. d4 exd4 4. Nxd4 Bc5 5. Nb3 Bb6 6. Nc3 d6 7. Qe2 a5 8. Be3 Bxe3 9. Qxe3 a4 10. Nd4 a3 11.
Bc4 axb2 12. Rb1 Nf6 13. Rxb2 O-O 14. O-O Ng4 15. Qd2 Nge5 16. Be2 Na5 17. Rbb1 b6 18. Nd5 Be6 19. f4 Nd7 20. Ne3 Nc5 21. Bf3 Bxa2 22.
Ra1 Nc4 23. Qc3 Ra3 24. Nb3 Nxe3 25. Qxe3 Qa8 26. e5 Qa7 27. Bd5 Bxb3 28. Rxa3 Qxa3 29.
cxb3 Qb4 30. f5 dxe5 31. Qxe5 Nd7 32. Qxc7 Qd4+ 33. Kh1 Qxd5 0-1

[Event "Early-Titled-Tuesday-Blitz-September-05-2023"]
[Site "Chess.com"]
[Date "2023.09.05"]
[Round "4"]
[White "pouya21"]
[Black "PetrolulSah"]
[Result "1-0"]
[WhiteElo "2804"]
[BlackElo "2123"]
[TimeControl "180+1"]
[EndTime "8:36:52 PDT"]
[Termination "pouya21 won on time"]

1. e4 e5 2. Nf3 Nf6 3. Nxe5 d6 4. Nf3 Nxe4 5. Qe2 Qe7 6. d3 Nf6 7. Nc3 c6 8. Bg5 Qxe2+ 9. Bxe2 Be7 10. O-O-O Na6 11.
Rde1 Nc7 12. h3 Ne6 13. Be3 d5 14. g4 h6 15. Nd4 c5 16. Nxe6 Bxe6 17. Bd2 d4 18.
Nb5 Kd7 19. Bf3 Rab8 20. Bf4 a6 21. Bxb8 Rxb8 22. Na3 b5 23. Nb1 Bxa2 24. b3 Bxb1 25. Kxb1 a5 26. Ka2 Bd6 27. h4 Ne8 28. g5 Nc7 29. gxh6 gxh6 30. Rhg1 b4 31. Rg7 Rf8 32.
Bh5 Rb8 33. Rxf7+ Kc6 34. Bf3+ Kb6 35. Rf6 Nb5 36. Ree6 Rd8 37. Rxh6 Kc7 38. Rh7+ Kb6 39.
h5 a4 40. bxa4 Nc3+ 41. Kb3 Nb1 42. Kb2 Nd2 43. Bd5 c4 44. Rb7+ Ka6 45. Rxb4 Ka5 46. Rb5+ Kxa4 47. Bxc4 Ba3+ 48. Ka2 1-0

[Event "Early-Titled-Tuesday-Blitz-September-05-2023"]
[Site "Chess.com"]
[Date "2023.09.05"]
[Round "4"]
[White "LuisFSiles"]
[Black "OldGuysRule1956"]
[Result "1-0"]
[WhiteElo "2361"]
[BlackElo "2177"]
[TimeControl "180+1"]
[EndTime "8:36:53 PDT"]
[Termination "LuisFSiles won by checkmate"]

1. e4 d6 2. Nc3 Nf6 3. f4 c6 4. Nf3 Bg4 5. h3 Bxf3 6. Qxf3 e5 7. Bc4 Be7 8. d3 Nbd7 9. O-O b5 10. Bb3 Nc5 11.
Be3 Nxb3 12. axb3 Qc7 13. g4 exf4 14. Bxf4 O-O 15. g5 Nd7 16. h4 Ne5 17. Qg3 b4 18.
Ne2 Ng6 19. Be3 a5 20. Nd4 Qd7 21. Nf5 Bd8 22. Bd4 f6 23. gxf6 Bxf6 24. Nh6+ Kh8 25. Bxf6 gxf6 26. Rf5 Ne5 27. Kh1 Qg7 28. Rg1 Qxg3 29. Rxg3 Ra7 30. Rxf6 Rd7 31. Rxf8# 1-0

[Event "Early-Titled-Tuesday-Blitz-September-05-2023"]
[Site "Chess.com"]
[Date "2023.09.05"]
[Round "4"]
[White "Fengwi"]
[Black "Darius321"]
[Result "1-0"]
[WhiteElo "2412"]
[BlackElo "2294"]
[TimeControl "180+1"]
[EndTime "8:36:53 PDT"]
[Termination "Fengwi won by resignation"]

1. Nf3 d5 2. b3 Bf5 3. Bb2 e6 4. g3 Nf6 5. Bg2 Be7 6. O-O h6 7. d3 O-O 8. Nbd2 c5 9. Ne5 Nc6 10. Nxc6 bxc6 11. e4 Bg6 12. Qe2 Nd7 13. f4 d4 14.
Rae1 f6 15. f5 Bf7 16. fxe6 Bxe6 17. Nf3 Bf7 18. e5 Bd6 19. exd6 Qa5 20. a4 Kh8 21. Qd2 Qb6 22. Re7 Rad8 23. Kh1 Bd5 24. Nh4 Ne5 25.
Rxe5 fxe5 26. Ng6+ Kg8 27. Rxf8+ Rxf8 28. Nxf8 Kxf8 29. Qf2+ Ke8 30. Qf5 Qb4 31. Qxe5+ Kf8 32. d7 Qe1+ 33. Qxe1 1-0

[Event "Early-Titled-Tuesday-Blitz-September-05-2023"]
[Site "Chess.com"]
[Date "2023.09.05"]
[Round "4"]
[White "AlexanderL"]
[Black "bescmelasti"]
[Result "1-0"]
[WhiteElo "2856"]
[BlackElo "2607"]
[TimeControl "180+1"]
[EndTime "8:36:54 PDT"]
[Termination "AlexanderL won by resignation"]

1. Nf3 c5 2. d4 cxd4 3. c3 dxc3 4. Nxc3 Nc6 5. e4 e6 6. Bc4 Nf6 7. O-O a6 8. e5 Ng4 9. Bf4 f6 10.
exf6 Qxf6 11. Bg3 d5 12. Bb3 Be7 13. Bxd5 O-O 14. Bb3 Kh8 15. Qe2 e5 16. Nd5 Qh6 17. Nxe7 Nxe7 18. Nxe5 Nxe5 19. Bxe5 Ng6 20. Rac1 Bg4 21.
Bxg7+ Qxg7 22. Qxg4 Qxb2 23. Rc7 Rae8 24. Qg3 b5 25. Bc2 Qf6 26. Bxg6 Qxg6 27. Qxg6 hxg6 28. Rc6 Kg7 29. Rxa6 Ra8 30. Rb6 Rf5 31. Ra1 Ra3 32. g3 Raf3 33. a3 Rxf2 34. Rxb5 Rxb5 35. Kxf2 Rb2+ 36.
Kg1 Rb5 37. a4 Ra5 38. Kg2 Kf6 39. h4 g5 40. Kh3 gxh4 41. Kxh4 Kg6 42. Kg4 Kf6 43. Kf4 Ke6 44. Ra3 Kd6 45. g4 Ke6 46. Re3+ Kf6 47. Re4 Rc5 48. Ke3 Rc1 49. Kd4 Ra1 50.
Kc5 1-0

[Event "Early-Titled-Tuesday-Blitz-September-05-2023"]
[Site "Chess.com"]
[Date "2023.09.05"]
[Round "4"]
[White "jsdbv18"]
[Black "BlueWizzard"]
[Result "0-1"]
[WhiteElo "2588"]
[BlackElo "2898"]
[TimeControl "180+1"]
[EndTime "8:36:55 PDT"]
[Termination "BlueWizzard won by resignation"]

1. d4 g6 2. c4 d5 3. cxd5 Nf6 4. Qa4+ c6 5. dxc6 Nxc6 6. Nf3 Bg7 7. Nc3 O-O 8. e3 e5 9. dxe5 Nd7 10. Be2 Ndxe5 11. Nxe5 Nxe5 12. O-O Bd7 13. Qb3 Bc6 14. e4 a5 15. Be3 a4 16. Qb4 a3 17. b3 Nd3 18. Bxd3 Qxd3 19. Rac1 Rfe8 20. Rfd1 Bxc3 21. Qxc3 Qxe4 22. Kf1 Qxg2+ 23. Ke1 Bf3 24. Rd4 Qxh2 25. Kd2 Qh3 26. Re1 Rac8 27. Rc4 Qd7+ 28. Kc1 Rxc4 29. bxc4 Qg4 30. c5 Bd5 31. Qxa3 Qc4+ 32. Kb2 b5 33.
Rc1 b4 34. Qb3 Qe4 35. Qc2 Qe5+ 0-1

[Event "Early-Titled-Tuesday-Blitz-September-05-2023"]
[Site "Chess.com"]
[Date "2023.09.05"]
[Round "4"]
[White "vishwa_vijeta"]
[Black "emeli_chess"]
[Result "1-0"]
[WhiteElo "2513"]
[BlackElo "2381"]
[TimeControl "180+1"]
[EndTime "8:36:55 PDT"]
[Termination "vishwa_vijeta won by resignation"]

1. e4 e5 2. Nf3 Nc6 3. d4 exd4 4.
Bc4 Nf6 5. Ng5 d5 6. exd5 Na5 7. Qxd4 Nxc4 8. Qxc4 Bd6 9. O-O O-O 10. Nc3 a6 11.
Nf3 b5 12. Qh4 b4 13. Ne4 Nxe4 14. Qxe4 Re8 15. Qd4 Bb7 16. Rd1 Qe7 17. Be3 h6 18. c4 bxc3 19. bxc3 Rad8 20. c4 c5 21. Qd3 Bc8 22.
h3 Qf6 23. Rab1 Bf5 24. Qd2 Bxb1 25. Rxb1 Re4 26. Qd3 Rde8 27. Nd2 Rh4 28. Rb6 Qe5 29.
Nf3 Qa1+ 30. Rb1 Qxb1+ 31. Qxb1 Rxc4 32. g3 Rb4 33. Qf5 Reb8 34. Qd7 Bf8 35. Ne5 R4b7 36. Qf5 f6 37. Qe6+ Kh7 38. Nd7 Rxd7 39. Qxd7 c4 40. Qc7 Rb4 41. d6 c3 42. d7 Be7 43.
Qxc3 1-0

[Event "Early-Titled-Tuesday-Blitz-September-05-2023"]
[Site "Chess.com"]
[Date "2023.09.05"]
[Round "4"]
[White "TigranHH"]
[Black "Gauravthegm"]
[Result "0-1"]
[WhiteElo "2238"]
[BlackElo "2424"]
[TimeControl "180+1"]
[EndTime "8:36:55 PDT"]
[Termination "Gauravthegm won by resignation"]

1. d4 d5 2. c4 dxc4 3. e4 Nf6 4. e5 Nd5 5. Bxc4 Nb6 6. Bd3 Nc6 7.
Ne2 g6 8. O-O Bg7 9. Nbc3 O-O 10. h3 Nxd4 11. Bf4 Ne6 12. Bg3 Nc5 13. Bc2 Be6 14.
Nd4 Bc4 15. Re1 Ne6 16. Nxe6 Bxe6 17. Qf3 c6 18. h4 Qc8 19. Qe2 Bg4 20. f3 Bf5 21.
Bb3 Be6 22. Bc2 Bc4 23. Qe4 Qe6 24. h5 Bd5 25. Qh4 Rad8 26. f4 c5 27. hxg6 hxg6 28. Kf2 Bc6 29. Rh1 f5 30. exf6 Rd2+ 31. Kf1 Bxg2+ 32.
Kg1 Qxf6 33. Qh7+ Kf7 34. Rh6 Rxc2 0-1

[Event "Early-Titled-Tuesday-Blitz-September-05-2023"]
[Site "Chess.com"]
[Date "2023.09.05"]
[Round "4"]
[White "Parhamov"]
[Black "Casablanca"]
[Result "1-0"]
[WhiteElo "2930"]
[BlackElo "2706"]
[TimeControl "180+1"]
[EndTime "8:36:57 PDT"]
[Termination "Parhamov won by resignation"]

1. e4 c5 2. Nf3 d6 3. Bb5+ Bd7 4. a4 a6 5. Bd3 Nc6 6. c3 Nf6 7. h3 g6 8. O-O Bg7 9. Re1 O-O 10. Bf1 e5 11. Na3 Qc7 12. d3 Rfe8 13. Bg5 h6 14. Be3 Rab8 15. Rc1 b5 16. axb5 axb5 17.
d4 Na5 18. b4 Nb7 19. Nxb5 Qb6 20. Nxd6 Qxd6 21. bxc5 Qc7 22. Nxe5 Nxc5 23. Bf4 Ne6 24.
Bh2 Qa5 25. Nc4 Qg5 26. Nd6 Red8 27. e5 Nd5 28. Qf3 Nef4 29. Kh1 Rb3 30. Bc4 Bc6 31. Bxb3 Nxh3 32. Qxh3 1-0

[Event "Early-Titled-Tuesday-Blitz-September-05-2023"]
[Site "Chess.com"]
[Date "2023.09.05"]
[Round "4"]
[White "GoltsevDmitry2000"]
[Black "Bauman_Guy"]
[Result "0-1"]
[WhiteElo "2654"]
[BlackElo "2857"]
[TimeControl "180+1"]
[EndTime "8:36:57 PDT"]
[Termination "Bauman_Guy won by checkmate"]

1. e4 c5 2. Nf3 d6 3. d4 Nf6 4.
Nc3 cxd4 5. Nxd4 a6 6. Be2 e5 7. Nb3 Be7 8. O-O O-O 9. f4 b5 10. a3 Bb7 11. Bf3 Nbd7 12. Qe2 Rc8 13. Rd1 Qc7 14.
Be3 Nb6 15. Na5 Ba8 16. Qf2 Rb8 17. fxe5 dxe5 18. Kh1 Na4 19. Nxa4 bxa4 20. b4 axb3 21. Nxb3 Nxe4 22. Qf1 Nc3 23. Re1 Nd5 24. c4 Nxe3 25. Rxe3 e4 26. Be2 f5 27. Rd1 f4 28. Rh3 f3 29. Nd4 fxe2 30. Qxe2 Qe5 31. Rh5 Qf6 32. Nf5 g6 33. Nh6+ Kg7 34. Rh3 Qf2 35. Qxf2 Rxf2 36. Ng4 Rd2 37. Re1 h5 38. Ne3 Bg5 39. Nf1 Rc2 40.
Ng3 e3 41. Ne2 Rxe2 42. Rxe2 Rb1+ 43. Re1 Rxe1# 0-1

[Event "Early-Titled-Tuesday-Blitz-September-05-2023"]
[Site "Chess.com"]
[Date "2023.09.05"]
[Round "4"]
[White "aakankshachess"]
[Black "wannabe2700"]
[Result "1-0"]
[WhiteElo "2459"]
[BlackElo "2618"]
[TimeControl "180+1"]
[EndTime "8:36:58 PDT"]
[Termination "aakankshachess won by checkmate"]

1. e4 d5 2. exd5 Qxd5 3. Nc3 Qa5 4. d4 Nf6 5. Nf3 Bf5 6. Bc4 e6 7. Qe2 Bb4 8. Bd2 c6 9. O-O O-O 10. Ne5 Nbd7 11. a3 Bxc3 12. Bxc3 Qc7 13. f4 Nxe5 14. fxe5 Nd5 15. Bd2 Bxc2 16. Bxd5 exd5 17. Bb4 Be4 18. Bxf8 Rxf8 19. b4 Qb6 20. Rad1 Re8 21. Qf2 Re7 22.
h3 h6 23. Qf4 a5 24. bxa5 Qxa5 25. e6 fxe6 26. Qf8+ Kh7 27. Qxe7 Qc3 28. Qxe6 Qc2 29. Qg4 b5 30. Rc1 Qd2 31. Rxc6 Qxd4+ 32. Kh2 Qd2 33. Rc8 Qb2 34. Rff8 Qe5+ 35. Qg3 Qxg3+ 36. Kxg3 d4 37. h4 d3 38. h5 d2 39. Rh8# 1-0

[Event "Early-Titled-Tuesday-Blitz-September-05-2023"]
[Site "Chess.com"]
[Date "2023.09.05"]
[Round "4"]
[White "KorolDimitriy75"]
[Black "AleksandraMilovic"]
[Result "1-0"]
[WhiteElo "2329"]
[BlackElo "2127"]
[TimeControl "180+1"]
[EndTime "8:36:58 PDT"]
[Termination "KorolDimitriy75 won on time"]

1. d4 d5 2. c4 e6 3. Nc3 Nf6 4. Bg5 Be7 5. cxd5 exd5 6. e3 O-O 7. Bd3 c6 8. Qc2 h6 9. Bh4 Nh5 10. Bxe7 Qxe7 11. Nge2 Nd7 12. h3 Nhf6 13. O-O-O b5 14.
Kb1 a5 15. g4 b4 16. Na4 Ba6 17. Ng3 Bxd3 18. Qxd3 Ne4 19. Nf5 Qe6 20. Qe2 Kh7 21. f3 Nd6 22. Qd3 Rae8 23. Nxd6+ g6 24. Nxe8 1-0

[Event "Early-Titled-Tuesday-Blitz-September-05-2023"]
[Site "Chess.com"]
[Date "2023.09.05"]
[Round "4"]
[White "mamey78"]
[Black "Arteler"]
[Result "1-0"]
[WhiteElo "2665"]
[BlackElo "2392"]
[TimeControl "180+1"]
[EndTime "8:37:01 PDT"]
[Termination "mamey78 won by resignation"]

1. e4 e6 2. d4 d5 3. e5 c5 4.
c3 Qb6 5. Nf3 Nc6 6. Bd3 cxd4 7. O-O Bd7 8. Nbd2 Nge7 9. Nb3 dxc3 10. bxc3 Ng6 11. Re1 Qc7 12. Qe2 Be7 13. Nbd4 a6 14. Rb1 Na5 15. h4 Nxh4 16. Nxh4 Bxh4 17. Qg4 Be7 18. Qxg7 O-O-O 19. Qxf7 Qxc3 20. Be3 Qxd3 21. Qxe7 Nc4 22. Qc5+ Kb8 23. Nc6+ Bxc6 24. Qxc6 Na5 25.
Qb6 d4 26. Red1 Qe4 27. Bxd4 Nc4 28. Qa7+ Kc8 29. Rbc1 b5 30. Qxa6+ Qb7 31. Qxe6+ Qd7 32. Qa6+ Qb7 33. Qa3 Rhg8 34. Qh3+ Qd7 35. e6 Qc6 36. a4 Rde8 37. axb5 Qxb5 38. Be3 Qc6 1-0

[Event "Early-Titled-Tuesday-Blitz-September-05-2023"]
[Site "Chess.com"]
[Date "2023.09.05"]
[Round "4"]
[White "Stouuf"]
[Black "Polish_fighter3000"]
[Result "0-1"]
[WhiteElo "2625"]
[BlackElo "3087"]
[TimeControl "180+1"]
[EndTime "8:37:02 PDT"]
[Termination "Polish_fighter3000 won on time"]

1. e4 b6 2. d4 Bb7 3. Bd3 d6 4. Qe2 Nd7 5. Nf3 e6 6. O-O g6 7. Re1 Bg7 8. Nbd2 a6 9. Nf1 Ne7 10. Ng3 h6 11. c3 O-O 12. Bd2 Kh8 13. Rad1 Ng8 14. c4 e5 15. Bc3 a5 16. b3 Qe7 17. a3 Ngf6 18. Bc2 Nh7 19. b4 axb4 20. axb4 Ra3 21. Bb2 Ra2 22. Bb3 Rxb2 23. Qxb2 exd4 24.
Ba4 Ne5 25. Nxe5 dxe5 26. c5 h5 27. c6 Bc8 28. Bc2 h4 29. Nf1 h3 30. g3 Qf6 31.
Rd3 Qxc6 32. Nd2 Ng5 33. f3 f5 34. b5 Qf6 35. Bd1 Bb7 36. Qc2 fxe4 37. Nxe4 Nxe4 38. fxe4 Bxe4 0-1